 Dungeon Crawl Stone Soup version 0.27.1-33-g824d729ab1 (webtiles) character file.

Game seed: 18158645157934156084

777 unlimited1921 the Skirmisher (level 7, -4/71 HPs)
             Began as a Troll Fighter on Dec 2, 2021.
             Slain by a killer bee (7 damage)
             ... on level 5 of the Dungeon.
             The game lasted 00:21:50 (4271 turns).

unlimited1921 the Skirmisher (Troll Fighter)        Turns: 4271, Time: 00:21:50

Health: -4/71      AC:  4    Str: 26    XL:     7   Next: 54%
Magic:  6/6        EV:  9    Int:  4    God:
Gold:   95         SH: 10    Dex: 10    Spells: 6/6 levels left

rFire    . . .     SeeInvis .   E - +1 mace (drain)
rCold    . . .     Faith    .   c - +1 kite shield
rNeg     . . .     Spirit   .   b - +0 robe
rPois    .         Reflect  .   (helmet restricted)
rElec    .         Harm     .   (no cloak)
rCorr    .         Rampage  .   (gloves unavailable)
Will     .....                  (boots unavailable)
Stlth    +.........             (no amulet)
HPRegen  1.21/turn              (no ring)
MPRegen  0.10/turn              (no ring)

@: lethally poisoned (-4 -> -5)
A: large, unfitting armour, claws 3, regeneration 1, shaggy fur 1, tough skin 1
a: no special abilities


You were on level 5 of the Dungeon.
You visited 1 branch of the dungeon, and saw 5 of its levels.

You collected 243 gold pieces.
You spent 148 gold pieces at shops.

Inventory:

Hand Weapons
 a - a +0 flail
 g - a +2 dagger of draining
 h - a +1 short sword of flaming
 i - a +0 long sword
 j - a +2 dagger of speed
 k - a +0 battleaxe
 u - a +0 morningstar
 y - a +0 dagger of venom
 A - a +0 shortbow
 B - a +2 whip of electrocution
 D - a +0 flail
 E - a +1 mace of draining (weapon)
Missiles
 l - 4 javelins
 t - 2 poisoned darts
 x - 48 arrows
Armour
 b - a +0 robe (worn)
 c - a +1 kite shield (worn)
Wands
 o - a wand of flame (16)
 C - a wand of iceblast (6) (quivered)
Scrolls
 e - 4 scrolls of enchant armour
 f - a scroll of teleportation {unknown}
 m - a scroll of silence {unknown}
 n - a scroll of vulnerability
 p - a scroll of enchant weapon {unknown}
 q - 2 scrolls of amnesia {unknown}
 w - 2 scrolls of magic mapping
 z - a scroll of fog {unknown}
Potions
 d - 3 potions of might
 r - a potion of curing
 v - a potion of haste {unknown}


   Skills:
 * Level 4.4 Fighting
 - Level 2.9 Short Blades
 - Level 2.0 Maces & Flails
 + Level 1.0 Throwing
 + Level 3.7 Dodging
 + Level 0.8 Stealth
 + Level 4.2 Shields


You had 6 spell levels left.
You didn't know any spells.
Your spell library contained the following spells:

 Spells                   Type           Power      Damage    Failure   Level
 Ozocubu's Armour         Ice            0%         N/A       99%         3
 Ozocubu's Refrigeration  Ice            0%         4d5       100%        7


Dungeon Overview and Level Annotations

Branches:
Dungeon (5/15)
 Temple: D:4-7

Altars:
Uskayaw
Beogh

Shops:
D:2 !   D:4 :!   D:5 *

Annotations:
D:4 Blork the orc
D:5 3 runed translucent doors, Powertoast's ghost, novice MiGl


Innate Abilities, Weirdness & Mutations

You are too large for most types of armour.
You have claws for hands.
Your natural rate of healing is unusually fast.
You are covered in fur. (AC +1)
You have tough skin. (AC +1)


Message History

You barely miss the phantom.
The phantom is heavily damaged.
You feel sick.
You are no longer poisoned.
You block the killer bee's attack. You block the howler monkey's attack.
You block the phantom's attack. The killer bee stings you.
* * * LOW HITPOINT WARNING * * *
The howler monkey hits you but does no damage.
The phantom closely misses you. The killer bee stings you.
* * * LOW HITPOINT WARNING * * *
You are poisoned.
The killer bee poisons you!
You feel sick. You block the phantom's attack.
You block the killer bee's attack.
You feel sick.
The howler monkey hoots and howls with incredible vigour!
The killer bee stings you but does no damage.
You feel sick.
The killer bee stings you but does no damage.
Found a stone staircase leading down.
You feel sick. The killer bee stings you.
* * * LOW HITPOINT WARNING * * *
You are more poisoned.
The killer bee poisons you!
You feel sick. You block the killer bee's attack.
You feel better. The killer bee stings you.
* * * LOW HITPOINT WARNING * * *
You are poisoned.
The killer bee poisons you! The phantom hits you.
* * * LOW HITPOINT WARNING * * *
The killer bee stings you.
* * * LOW HITPOINT WARNING * * *
You feel sick. The killer bee barely misses you.
You feel sick. You block the killer bee's attack. The killer bee stings you!
* * * LOW HITPOINT WARNING * * *
You are more poisoned.
The killer bee poisons you!
You feel sick. The killer bee stings you.
* * * LOW HITPOINT WARNING * * *
Found 17 gold pieces.
You feel sick. The killer bee stings you!
You die...

#....#####oo..#...
#....ooW.oooo.#..#####
.######+++######.......
.8......?......8..#####
#.......#....#
#l.####...##.# #h.#
######.# #yW# #.# #@.#
#.# ..$.....># #.#
#.......## #.#
#.####### #.# #.# #.#
#.# ######.# #......#


You could see an orc warrior, a phantom, a howler monkey, an iguana, a killer
bee, Powertoast's ghost and 2 orcs.

Vanquished Creatures
  A centaur (D:5)
  An ogre (D:3)
  A scorpion (D:5)
  A water moccasin skeleton (D:5)
  3 killer bees (D:5)
  An orc priest (D:3)
  A bullfrog skeleton (D:4)
  A centaur skeleton (D:5)
  An iguana (D:4)
  A killer bee zombie (D:4)
  A howler monkey skeleton (D:5)
  4 gnolls (D:4)
  4 adders
  3 adder skeletons
  An adder zombie (D:2)
  3 worms
  3 dart slugs
  7 orcs
  6 bats
  16 endoplasms
  3 giant cockroaches
  13 goblins
  11 hobgoblins
  7 jackals
  7 kobolds
  2 quokkas
  5 ball pythons
  A ball python skeleton (D:2)
  2 ball python zombies (D:2)
  4 frilled lizards
  A giant cockroach zombie (D:2)
  4 rats (D:1)
120 creatures vanquished.

Vanquished Creatures (others)
  An orc wizard (D:3)
  21 plants (D:1)
  4 withered plants (D:3)
26 creatures vanquished.

Grand Total: 146 creatures vanquished

Notes
Turn   | Place    | Note
-------+----------+-------------------------------------------
     0 | D:1      | unlimited1921 the Troll Fighter began the quest for the
                  | Orb.
     0 | D:1      | Reached XP level 1. HP: 22/22 MP: 0/0
   102 | D:1      | Reached XP level 2. HP: 21/29 MP: 1/1
   321 | D:1      | Reached XP level 3. HP: 32/34 MP: 2/2
  1892 | D:2      | Found a hide-covered altar of Uskayaw.
  1980 | D:2      | Reached XP level 4. HP: 43/45 MP: 3/3
  2093 | D:2      | Reached skill level 1 in Short Blades
  2189 | D:2      | Found Guwocke's Distillery.
  2195 | D:2      | Bought a potion of curing for 33 gold pieces
  2195 | D:2      | Bought a potion of heal wounds for 55 gold pieces
  2592 | D:3      | Found a faded altar of an unknown god.
  2650 | D:3      | Reached XP level 5. HP: 37/53 MP: 4/4
  2736 | D:3      | Noticed an ogre
  2753 | D:3      | Killed an ogre
  2896 | D:3      | Reached XP level 6. HP: 59/61 MP: 5/5
  3272 | D:4      | Found Beuliusaz's Distillery.
  3286 | D:4      | Bought a potion of heal wounds for 60 gold pieces
  3384 | D:4      | Found Ujew's Self-Improvement Boutique.
  3762 | D:4      | Noticed Blork the orc
  3780 | D:5      | Entered Level 5 of the Dungeon
  3881 | D:5      | Reached XP level 7. HP: 48/70 MP: 6/6
  4110 | D:5      | Identified the +2 chain mail of the Meadowlark {+Blink
                  | Dex-3 Slay+3}
  4110 | D:5      | Noticed Powertoast's ghost (novice MiGl)
  4111 | D:5      | Found a runed translucent gate.
  4112 | D:5      | Found a runed translucent gate.
  4159 | D:5      | Found Wuigrawo's Neck Hole.
  4197 | D:5      | Reached skill level 1 in Throwing
  4258 | D:5      | Found a runed translucent gate.
  4258 | D:5      | Identified the +9 spear of Big Damage {drain, Str+3}
  4258 | D:5      | Identified the +1 leather armour of Cocytus {rC+ Int+4}
  4270 | D:5      | HP: 3/71 [killer bee (1)]
  4271 | D:5      | Slain by a killer bee

Illustrated notes

Levels and vault maps discovered:
D:1:      roderic_crop_circles_arrival_small, layout_basic, st_stairs_10,
          minmay_pentomino_w4
D:2:      kennysheep_the_goblin_king, layout_loops_ring, serial_undead,
          serial_undead_c, serial_undead_a, serial_undead_a, serial_undead_b,
          serial_shops, shop, basic_altar
D:3:      layout_rooms, ebering_ecumenical_altar_petrified
D:4:      layout_basic, serial_shops, shop, nicolae_shop_self_help,
          uniq_blork_the_orc
D:5:      layout_loops_ring, biasface_ghost_orc_armoury,
          nicolae_shop_sticking_my_neck_out

Skill      XL: |  1  2  3  4  5  6  7 |
---------------+----------------------+-----
Maces & Flails | 2 |  2.0
Fighting       | 3 4 |  4.4
Short Blades   | 1 2 |  2.9
Shields        | 3 4 |  4.2
Dodging        | 3 |  3.7
Throwing       | 1 |  1.0
Stealth        | |  0.8

Action                   |  1- 3 |  4- 6 |  7- 9 || total
-------------------------+-------+-------+-------++-------
Melee: Flail             |    54 |       |       ||    54
       Short sword       |    90 |   203 |    40 ||   333
       Mace              |       |       |    21 ||    21
       Dagger            |       |       |    11 ||    11
Throw: Dart              |       |    11 |       ||    11
Evoke: Wand              |       |     2 |       ||     2
  Use: Scroll            |       |     3 |       ||     3
       Potion            |       |       |     4 ||     4
 Stab: Sleeping          |     1 |     1 |       ||     2
Armor: Robe              |    62 |    40 |    17 ||   119
Dodge: Dodged            |    55 |    71 |    41 ||   167
Block: Kite shield       |    77 |    88 |    68 ||   233
